Map: Bel'Shir Vestige LE (Void)

Players

Loken - Winner!

  • Race: Protoss Protoss
  • Spawn Location: 11:00

PhoenixTears

  • Race: Zerg Zerg
  • League: Diamond
  • Spawn Location: 5:00

VOD

Have the link to the VOD?

Description

Time

  • Played on: March 13, 2017, 4:35 p.m.
  • Length: 11:53
Show
View Real Time Build Order
Export as new Build Order

Loken Protoss - Winner!

Build Orders:  

Get SALT Encoding   

  12  0:01  Probe (Chrono Boost)  
  13  0:12  Probe (Chrono Boost)  
  14  0:18  Pylon  
  14  0:27  Probe (Chrono Boost)  
  15  0:42  Forge  
  15  0:44  Probe (Chrono Boost)  
  16  0:54  Probe (Chrono Boost)  
  17  1:02  Pylon  
  17  1:05  Probe (Chrono Boost)  
  18  1:18  Probe (Chrono Boost)  
  19  1:23  Photon Cannon  
  19  1:29  Photon Cannon  
  18  1:33  Probe (Chrono Boost)  
  18  1:38  Gateway  
  19  1:42  Pylon  
  19  1:49  Probe (Chrono Boost)  
  20  1:56  Assimilator  
  20  2:00  Assimilator, Probe (Chrono Boost)  
  21  2:16  Pylon  
  21  2:18  Photon Cannon  
  21  2:24  Photon Cannon  
  21  2:31  Cybernetics Core  
  21  2:41  Zealot  
  23  2:53  Photon Cannon  
  23  3:07  Photon Cannon  
  23  3:16  Zealot  
  25  3:30  Stargate  
  25  3:33  Warp Gate  
  25  3:54  Zealot  
  27  4:16  Void Ray  
  27  4:23  Pylon, Probe (Chrono Boost)  
  32  4:28  Stalker  
  32  4:35  Probe (Chrono Boost)  
  29  4:54  Void Ray  
  29  4:55  Probe (Chrono Boost)  
  34  5:09  Stalker  
  36  5:34  Void Ray  
  40  5:51  Fleet Beacon  
  40  5:55  Pylon  
  40  5:57  Gateway  
  40  5:59  Gateway  
  40  6:03  Pylon  
  40  6:05  Stalker  
  34  6:44  Tempest  
  41  6:54  Probe (Chrono Boost)  
  41  7:01  Twilight Council  
  41  7:05  Zealot x3  
  41  7:06  Probe (Chrono Boost)  
  48  7:31  Zealot x2  
  48  7:32  Zealot  
  54  8:02  Stalker  
  54  8:03  Stalker  
  54  8:05  Stalker  
  60  8:27  Dark Shrine  
  60  8:30  Pylon  
  60  8:32  Pylon  
  60  8:33  Pylon  
  60  8:39  Zealot  
  62  8:42  Tempest  
  60  9:04  Stalker  
  60  9:05  Stalker  
  60  9:33  Stalker x3  
  66  10:28  Tempest  
  72  10:39  Nexus  
Show
View Real Time Build Order
Export as new Build Order

PhoenixTears Zerg 

Build Orders: Hatch First 

Get SALT Encoding   

  12  0:02  Drone  
  13  0:09  Drone  
  14  0:18  Overlord  
  14  0:38  Drone x2  
  14  0:39  Drone  
  17  1:01  Hatchery  
  17  1:21  Spawning Pool  
  16  1:36  Extractor  
  15  1:43  Hatchery  
  14  1:52  Drone  
  14  1:53  Drone x2  
  17  2:08  Queen  
  19  2:25  Drone x3, Roach Warren  
  21  2:46  Lair  
  21  2:55  Drone  
  22  3:06  Queen  
  22  3:08  Drone  
  22  3:11  Spine Crawler  
  24  3:19  Drone  
  26  3:23  Spine Crawler  
  25  3:27  Spine Crawler  
  24  3:36  Spine Crawler  
  24  3:45  Spine Crawler  
  24  3:46  Roach  
  25  3:51  Queen  
  27  3:55  Roach  
  27  3:57  Overlord  
  27  4:19  Roach x4  
  27  4:20  Drone  
  27  4:21  Overlord  
  36  4:39  Spine Crawler  
  33  4:53  Drone x3  
  33  4:59  Hydralisk Den  
  31  5:00  Roach x5, Spore Crawler  
  31  5:02  Overlord  
  31  5:03  Overlord  
  40  5:09  Spore Crawler  
  39  5:15  Spore Crawler  
  39  5:19  Spore Crawler  
  37  5:29  Drone x3  
  38  5:41  Queen  
  38  5:49  Spine Crawler  
  37  5:55  Overlord  
  37  6:05  Hydralisk  
  37  6:08  Hydralisk  
  41  6:15  Spore Crawler  
  40  6:22  Overseer  
  40  6:29  Hydralisk  
  42  6:34  Spore Crawler  
  42  6:38  Hydralisk  
  41  6:52  Hydralisk  
  43  7:03  Extractor  
  42  7:13  Hydralisk  
  44  7:23  Hydralisk  
  44  7:24  Queen  
  48  7:34  Drone  
  48  7:35  Drone x2  
  47  8:00  Drone x2  
  47  8:01  Drone  
  44  8:12  Hydralisk  
  44  8:13  Hydralisk x2  
  44  8:30  Ravager x2  
  46  8:34  Ravager  
  47  8:44  Hatchery  
  40  9:08  Ravager  
  36  9:22  Hydralisk  
  36  9:23  Hydralisk x2  
  42  9:32  Hydralisk  
  37  10:21  Hydralisk x3  
  37  10:27  Overlord x2  
  43  10:34  Overlord  
  43  10:54  Hydralisk x2  
  43  10:56  Overseer  
  47  10:58  Roach x3  
  53  11:25  Hydralisk x2  
Tags
 
Add a new tag
Caveats
  • Supply blocks, unpowered buildings, or Contaminate may cause inaccurate times.
  • Supply counts are checked every 10 seconds.